Predators vs Wild

Created - January 17, 2017 at 17:28

Goals
1 2 3 T
Predators 0 1 1 2
Wild 0 1 0 1
Shots
1 2 3 T
Predators 3 12 17 32
Wild 9 10 4 23

1st period

No Goal

Penalties :
Alex Biega (MIN) for Holding (Minor) at 2:04, T.J. Oshie (NSH) for Holding (Minor) at 13:35, Roman Josi (NSH) for Roughing (Minor) at 15:59

2nd period

1. Predators , Jordie Benn 1 (Nicklas Backstrom, T.J. Oshie) at 8:49 (PP)
2. Wild , Jason Spezza 26 (Jeff Petry, Kyle Okposo) at 19:14 (PP)

Penalties :
Klas Dahlbeck (NSH) for Holding (Minor) at 2:22, Alex Biega (MIN) for Tripping (Minor) at 7:15, Zbynek Michalek (NSH) for Interference (Minor) at 14:38, Zbynek Michalek (NSH) for Interference (Minor) at 17:17

3rd period

3. Predators , Jaden Schwartz 4 (Zach Bogosian, Steven Stamkos) at 6:52 (PP)

Penalties :
Joe Colborne (NSH) for Holding Stick (Minor) at 1:01, Alex Biega (MIN) for High sticking (Minor) at 3:11, Colin McDonald (MIN) for Hooking (Minor) at 5:31, Alexander Edler (MIN) for Hooking (Minor) at 16:31

Goalie Stats

Keith Kinkaid (NSH), 22 saves from 23 shots - (0.957), W, 9-6-2, 60:00 minutes
Ben Bishop (MIN), 30 saves from 32 shots - (0.938), L, 15-14-4, 60:00 minutes

Players Stats for Predators

Player Name              G  A  P  +/- PIM S  H  SB GA TA FO     MP     PP MP  PK MP  
------------------------------------------------------------------------------------
Derick Brassard          0  0  0   0  0   2  3  0  0  0  0/1    13:37   0:00   0:11 
J.T. Miller              0  0  0   0  0   0  1  0  0  0  1/5     6:19   0:00   2:52 
Jaden Schwartz           1  0  1   0  0   4  0  0  0  0  3/9    20:04   4:17   7:33 
Joe Colborne             0  0  0   0  2   1  2  0  0  0  5/11   20:18   4:17   5:05 
John Moore               0  0  0   0  0   0  1  0  0  0  0/0    12:21   0:00   2:09 
Jordie Benn              1  0  1   0  0   1  1  2  0  0  0/0    23:26   4:29   5:55 
Kevin Hayes              0  0  0   0  0   0  0  0  0  0  0/0    14:10   0:00   0:00 
Klas Dahlbeck            0  0  0   0  2   0  0  4  0  0  0/0    20:09   4:05   4:59 
Max Pacioretty           0  0  0   0  0   0  0  0  0  0  0/0     0:00   0:00   0:00 
Nicklas Backstrom        0  1  1   0  0   6  0  0  0  0  7/12   18:44   4:35   0:00 
Phillip Di Giuseppe      0  0  0   0  0   0  1  0  0  0  0/0     3:27   0:00   0:00 
Roman Josi               0  0  0   0  2   1  3  0  0  0  0/0    15:47   0:00   0:00 
Steven Stamkos           0  1  1   0  0   3  4  0  0  0  5/8    22:10   4:17   3:44 
T.J. Oshie               0  1  1   0  2   9  2  0  0  0  0/1    18:43   4:35   0:00 
Vincent Trocheck         0  0  0   0  0   2  0  0  0  0  12/16  16:33   4:35   3:44 
Vladislav Namestnikov    0  0  0   0  0   0  1  0  0  0  8/13   14:01   0:00   0:35 
Zach Bogosian            0  1  1   0  0   2  2  1  0  0  0/0    26:26   4:47   7:10 
Zbynek Michalek          0  0  0   0  4   1  0  2  0  0  0/0    21:47   4:23   3:31 

Players Stats for Wild

Player Name              G  A  P  +/- PIM S  H  SB GA TA FO     MP     PP MP  PK MP  
------------------------------------------------------------------------------------
Alex Biega               0  0  0   0  6   0  0  1  0  0  0/0     9:15   0:00   1:04 
Alexander Edler          0  0  0   0  2   2  2  3  0  0  0/0    26:20   6:05   3:08 
Carl Gunnarsson          0  0  0   0  0   0  0  5  0  0  0/0    21:04   0:16   3:46 
Colin McDonald           0  0  0   0  2   2  1  0  0  0  0/0     2:48   0:00   0:00 
Eric Staal               0  0  0   0  0   1  0  1  0  0  8/16   19:15   6:23   0:14 
Jason Pominville         0  0  0   0  0   3  0  1  0  0  1/2    22:24   6:23   3:23 
Jason Spezza             1  0  1   0  0   2  1  0  0  0  11/24  22:34   5:29   3:04 
Jeff Petry               0  1  1   0  0   3  2  1  0  0  0/0    24:26   5:47   4:59 
Kyle Okposo              0  1  1   0  0   0  0  0  0  0  1/3    19:30   5:29   0:00 
Marian Gaborik           0  0  0   0  0   3  1  1  0  0  1/3    19:02   6:23   0:07 
Mark Streit              0  0  0   0  0   2  1  1  0  0  0/0    24:15   5:49   4:40 
Markus Granlund          0  0  0   0  0   1  0  1  0  0  10/21  15:42   0:00   5:34 
Mason Raymond            0  0  0   0  0   0  0  0  0  0  1/1    15:16   0:00   5:22 
Micheal Haley            0  0  0   0  0   1  1  0  0  0  0/0     2:43   0:00   0:00 
Riley Nash               0  0  0   0  0   0  0  0  0  0  1/4     2:43   0:00   0:00 
Sven Baertschi           0  0  0   0  0   2  0  1  0  0  1/2     9:54   0:00   0:00 
Tanner Pearson           0  0  0   0  0   0  5  1  0  0  0/0    19:30   5:29   0:00 
Taylor Fedun             0  0  0   0  0   1  0  2  0  0  0/0    14:22   5:47   0:07 

3 Stars

1 - Keith Kinkaid (NSH)
2 - Jordie Benn (NSH)
3 - Jason Spezza (MIN)

Power Play

Predators - 2 on 5 Attempt(s) - 40.00%
Wild - 1 on 6 Attempt(s) - 16.67%

Penalty Kill

Predators - 5 on 6 Attempt(s) - 83.33% - Score 0 goal in Penalty Kill
Wild - 3 on 5 Attempt(s) - 60.00% - Score 0 goal in Penalty Kill

Team Stat

Predators - Hits : 21 - Faceoff Wins : 41 - Blocked Shots : 9 - Penalty Minutes : 12
Wild - Hits : 14 - Faceoff Wins : 35 - Blocked Shots : 19 - Penalty Minutes : 10

Official

Referees : Tom Kowal and Dean Morton
Linesman : Brian Murphy and Pierre Racicot

Game Notes

No Game Note

Finance

Level 1 -- Attendance: 6267 (96.42%) -- Ticket Income $626,700
Level 2 -- Attendance: 4539 (90.78%) -- Ticket Income $272,340
Level 3 -- Attendance: 3293 (94.09%) -- Ticket Income $115,255
Level 4 -- Attendance: 1954 (100.00%) -- Ticket Income $39,080
Luxury Box -- Attendance: 960 (96.00%) -- Ticket Income $192,000
Game was played at the Xcel Energy Center.
Total Attendance: 17013 (94.76%)
Total Ticket Income: $1,245,375
Other Income: $186,806
Total Income: $1,432,181

% Time on Ice - Predators

Lines # - Real PCT - Wanted PCT - Time Play
Normal Forward
1 - 36% - 40% - 13:55
2 - 34% - 30% - 13:26
3 - 21% - 20% - 8:14
4 - 9% - 10% - 3:27
Normal Defense
1 - 33% - 40% - 13:02
2 - 35% - 30% - 13:41
3 - 26% - 20% - 10:12
4 - 5% - 10% - 2:07
PP Forward
1 - 52% - 60% - 4:35
2 - 48% - 40% - 4:17
PP Defense
1 - 51% - 60% - 4:29
2 - 49% - 40% - 4:23
PK Forward
1 - 69% - 60% - 8:08
2 - 31% - 40% - 3:44
PK Defense
1 - 44% - 60% - 5:16
2 - 56% - 40% - 6:36
PK3 Forward
1 - 0% - 60%
2 - 0% - 40%
PK3 Defense
1 - 0% - 60%
2 - 0% - 40%
44 Forward
1 - 0% - 60%
2 - 0% - 40%
44 Defense
1 - 0% - 60%
2 - 0% - 40%
Last Minute Offensive  - 0:00
Last Minute Defensive  - 0:14
Total
Forward - 60:00
Defense - 60:00

% Time on Ice - Wild

Lines # - Real PCT - Wanted PCT - Time Play
Normal Forward
1 - 36% - 40% - 14:01
2 - 32% - 40% - 12:32
3 - 25% - 18% - 9:54
4 - 7% - 2% - 2:43
Normal Defense
1 - 43% - 45% - 17:02
2 - 35% - 35% - 13:40
3 - 22% - 15% - 8:28
4 - 0% - 5% - 0:00
PP Forward
1 - 46% - 50% - 5:29
2 - 54% - 50% - 6:23
PP Defense
1 - 51% - 50% - 6:05
2 - 49% - 50% - 5:47
PK Forward
1 - 65% - 58% - 5:48
2 - 35% - 42% - 3:04
PK Defense
1 - 52% - 53% - 4:38
2 - 48% - 47% - 4:14
PK3 Forward
1 - 0% - 50%
2 - 0% - 50%
PK3 Defense
1 - 0% - 55%
2 - 0% - 45%
44 Forward
1 - 0% - 55%
2 - 0% - 45%
44 Defense
1 - 0% - 55%
2 - 0% - 45%
Last Minute Offensive  - 0:06
Last Minute Defensive  - 0:00
Total
Forward - 60:00
Defense - 60:00

Play by Play

1st period


0:01 of 1st period - Kyle Okposo wins face-off versus T.J. Oshie in neutral zone.
0:03 of 1st period - Off-side.
0:04 of 1st period - Eric Staal wins face-off versus Derick Brassard in neutral zone.
0:13 of 1st period - Shot by Jason Pominville.
0:13 of 1st period - Shot Misses the Net.
0:33 of 1st period - Shot by Kevin Hayes.
0:33 of 1st period - Shot Blocked by Eric Staal.
0:35 of 1st period - Shot by Roman Josi.
0:35 of 1st period - Shot Misses the Net.
0:37 of 1st period - Shot by Roman Josi.
0:37 of 1st period - Shot Misses the Net.
0:39 of 1st period - Shot by Zbynek Michalek.
0:39 of 1st period - Shot Blocked by Marian Gaborik.
1:12 of 1st period - Steven Stamkos is hit by Alexander Edler and loses puck.
1:27 of 1st period - Shot by Steven Stamkos.
1:27 of 1st period - Shot Blocked by Alexander Edler.
2:04 of 1st period - Minor Penalty to Alex Biega for Holding.
2:05 of 1st period - Markus Granlund wins face-off versus Jaden Schwartz in Wild zone.
2:11 of 1st period - Icing by Zbynek Michalek.
2:12 of 1st period - Jaden Schwartz wins face-off versus Markus Granlund in Predators zone.
2:18 of 1st period - Off-side.
2:19 of 1st period - Vincent Trocheck wins face-off versus Markus Granlund in neutral zone.
2:38 of 1st period - Shot by Zach Bogosian.
2:38 of 1st period - Shot Misses the Net.
2:40 of 1st period - Shot by Zach Bogosian.
2:40 of 1st period - Shot Blocked by Markus Granlund.
3:20 of 1st period - Shot by Markus Granlund.
3:20 of 1st period - Deflect By Mason Raymond.
3:20 of 1st period - Shot Misses the Net.
4:15 of 1st period - Vladislav Namestnikov is hit by Colin McDonald and loses puck.
4:22 of 1st period - Shot by Colin McDonald.
4:22 of 1st period - Stopped by Keith Kinkaid without a rebound.
4:23 of 1st period - Vladislav Namestnikov wins face-off versus Jason Spezza in Predators zone.
4:23 of 1st period - Vladislav Namestnikov is hit by Tanner Pearson.
4:33 of 1st period - Shot by Jason Spezza.
4:33 of 1st period - Shot Misses the Net.
4:35 of 1st period - Shot by Taylor Fedun.
4:35 of 1st period - Stopped by Keith Kinkaid without a rebound.
4:36 of 1st period - Nicklas Backstrom wins face-off versus Eric Staal in Predators zone.
5:52 of 1st period - Jason Spezza is hit by Zach Bogosian and loses puck.
6:29 of 1st period - Markus Granlund is hit by Derick Brassard and loses puck.
7:16 of 1st period - Shot by T.J. Oshie.
7:16 of 1st period - Shot Misses the Net.
7:18 of 1st period - Shot by Zbynek Michalek.
7:18 of 1st period - Shot Blocked by Sven Baertschi.
7:20 of 1st period - Shot by Roman Josi.
7:20 of 1st period - Stopped by Ben Bishop without a rebound.
7:21 of 1st period - Joe Colborne wins face-off versus Eric Staal in Wild zone.
7:40 of 1st period - Shot by Phillip Di Giuseppe.
7:40 of 1st period - Shot Misses the Net.
8:08 of 1st period - Off-side.
8:09 of 1st period - Nicklas Backstrom wins face-off versus Jason Spezza in neutral zone.
8:16 of 1st period - Shot by Steven Stamkos.
8:16 of 1st period - Shot Blocked by Carl Gunnarsson.
9:45 of 1st period - Jason Spezza is hit by Derick Brassard and loses puck.
9:58 of 1st period - Jaden Schwartz is hit by Tanner Pearson and loses puck.
10:35 of 1st period - Shot by Eric Staal.
10:35 of 1st period - Shot Misses the Net.
12:35 of 1st period - Shot by Micheal Haley.
12:35 of 1st period - Stopped by Keith Kinkaid without a rebound.
12:36 of 1st period - J.T. Miller wins face-off versus Riley Nash in Predators zone.
12:36 of 1st period - J.T. Miller is hit by Micheal Haley.
12:41 of 1st period - Roman Josi is hit by Jeff Petry.
13:15 of 1st period - Shot by Marian Gaborik.
13:15 of 1st period - Stopped by Keith Kinkaid without a rebound.
13:16 of 1st period - Nicklas Backstrom wins face-off versus Markus Granlund in Predators zone.
13:35 of 1st period - Minor Penalty to T.J. Oshie for Holding.
13:36 of 1st period - Eric Staal wins face-off versus J.T. Miller in Predators zone.
14:00 of 1st period - Shot by Jason Pominville.
14:00 of 1st period - Shot Misses the Net.
14:02 of 1st period - Shot by Eric Staal.
14:02 of 1st period - Shot Blocked by Zbynek Michalek.
14:04 of 1st period - Shot by Marian Gaborik.
14:04 of 1st period - Shot Misses the Net.
14:06 of 1st period - Shot by Eric Staal.
14:06 of 1st period - Shot Blocked by Klas Dahlbeck.
14:08 of 1st period - Shot by Mark Streit.
14:08 of 1st period - Stopped by Keith Kinkaid with a rebound.
14:21 of 1st period - Icing by Mark Streit.
14:22 of 1st period - Eric Staal wins face-off versus Joe Colborne in Wild zone.
14:22 of 1st period - Eric Staal is hit by Joe Colborne.
15:06 of 1st period - Shot by Jaden Schwartz.
15:06 of 1st period - Shot Blocked by Taylor Fedun.
15:59 of 1st period - Minor Penalty to Roman Josi for Roughing.
16:00 of 1st period - Vincent Trocheck wins face-off versus Eric Staal in Predators zone.
16:55 of 1st period - Shot by Steven Stamkos.
16:55 of 1st period - Stopped by Ben Bishop without a rebound.
16:56 of 1st period - Jason Spezza wins face-off versus Joe Colborne in Wild zone.
17:05 of 1st period - Shot by Alexander Edler.
17:05 of 1st period - Stopped by Keith Kinkaid without a rebound.
17:06 of 1st period - Jason Spezza wins face-off versus Joe Colborne in Predators zone.
17:35 of 1st period - Shot by Jason Spezza.
17:35 of 1st period - Shot Misses the Net.
17:37 of 1st period - Shot by Alexander Edler.
17:37 of 1st period - Stopped by Keith Kinkaid without a rebound.
17:38 of 1st period - Marian Gaborik wins face-off versus Steven Stamkos in Predators zone.
17:40 of 1st period - Eric Staal is hit by Zach Bogosian.
17:42 of 1st period - Shot by Jason Pominville.
17:42 of 1st period - Shot Misses the Net.
17:44 of 1st period - Shot by Jason Pominville.
17:44 of 1st period - Stopped by Keith Kinkaid without a rebound.
17:45 of 1st period - Jason Pominville wins face-off versus Steven Stamkos in Predators zone.
17:54 of 1st period - Shot by Marian Gaborik.
17:54 of 1st period - Shot Misses the Net.
17:56 of 1st period - Shot by Marian Gaborik.
17:56 of 1st period - Shot Blocked by Zach Bogosian.
17:58 of 1st period - Shot by Jeff Petry.
17:58 of 1st period - Stopped by Keith Kinkaid without a rebound.
17:59 of 1st period - Vladislav Namestnikov wins face-off versus Jason Spezza in Predators zone.
18:08 of 1st period - Derick Brassard is hit by Tanner Pearson and loses puck.
19:10 of 1st period - Shot by Steven Stamkos.
19:10 of 1st period - Stopped by Ben Bishop with a rebound.
19:53 of 1st period - Off-side.
19:54 of 1st period - Markus Granlund wins face-off versus Joe Colborne in neutral zone.
Goals for this period are 0 for Predators vs 0 for Wild.
Shots for this period are 3 for Predators vs 9 for Wild.

2nd period


0:01 of 2nd period - Nicklas Backstrom wins face-off versus Eric Staal in neutral zone.
0:14 of 2nd period - Shot by Steven Stamkos.
0:14 of 2nd period - Shot Misses the Net.
0:22 of 2nd period - Shot by T.J. Oshie.
0:22 of 2nd period - Shot Misses the Net.
0:26 of 2nd period - Shot by Nicklas Backstrom.
0:26 of 2nd period - Shot Blocked by Alexander Edler.
0:28 of 2nd period - Shot by Zach Bogosian.
0:28 of 2nd period - Stopped by Ben Bishop with a rebound.
0:30 of 2nd period - Shot by Nicklas Backstrom.
0:30 of 2nd period - Stopped by Ben Bishop without a rebound.
0:31 of 2nd period - Vincent Trocheck wins face-off versus Jason Spezza in Wild zone.
0:57 of 2nd period - Roman Josi is hit by Tanner Pearson and loses puck.
1:47 of 2nd period - Marian Gaborik is hit by Steven Stamkos and loses puck.
1:56 of 2nd period - Shot by Steven Stamkos.
1:56 of 2nd period - Shot Misses the Net.
2:00 of 2nd period - Shot by T.J. Oshie.
2:00 of 2nd period - Stopped by Ben Bishop without a rebound.
2:01 of 2nd period - Markus Granlund wins face-off versus Vladislav Namestnikov in Wild zone.
2:17 of 2nd period - Shot by Markus Granlund.
2:17 of 2nd period - Shot Blocked by Klas Dahlbeck.
2:22 of 2nd period - Minor Penalty to Klas Dahlbeck for Holding.
2:23 of 2nd period - Eric Staal wins face-off versus Joe Colborne in Predators zone.
2:56 of 2nd period - Shot by Jason Pominville.
2:56 of 2nd period - Shot Misses the Net.
3:24 of 2nd period - Shot by Jason Spezza.
3:24 of 2nd period - Stopped by Keith Kinkaid without a rebound.
3:25 of 2nd period - Steven Stamkos wins face-off versus Kyle Okposo in Predators zone.
4:43 of 2nd period - Shot by T.J. Oshie.
4:43 of 2nd period - Shot Misses the Net.
5:10 of 2nd period - Shot by Derick Brassard.
5:10 of 2nd period - Deflect By Kevin Hayes.
5:10 of 2nd period - Shot Blocked by Alexander Edler.
6:15 of 2nd period - Shot by J.T. Miller.
6:15 of 2nd period - Shot Misses the Net.
6:17 of 2nd period - Shot by Jordie Benn.
6:17 of 2nd period - Shot Blocked by Carl Gunnarsson.
6:41 of 2nd period - Shot by Marian Gaborik.
6:41 of 2nd period - Stopped by Keith Kinkaid without a rebound.
6:42 of 2nd period - Nicklas Backstrom wins face-off versus Eric Staal in Predators zone.
6:50 of 2nd period - Jason Pominville is hit by Roman Josi and loses puck.
6:59 of 2nd period - Shot by Marian Gaborik.
6:59 of 2nd period - Stopped by Keith Kinkaid without a rebound.
7:00 of 2nd period - Vladislav Namestnikov wins face-off versus Jason Spezza in Predators zone.
7:10 of 2nd period - Icing by Taylor Fedun.
7:11 of 2nd period - Vincent Trocheck wins face-off versus Jason Spezza in Wild zone.
7:15 of 2nd period - Minor Penalty to Alex Biega for Tripping.
7:16 of 2nd period - Vincent Trocheck wins face-off versus Jason Spezza in Wild zone.
7:19 of 2nd period - Shot by T.J. Oshie.
7:19 of 2nd period - Shot Misses the Net.
7:41 of 2nd period - Shot by Nicklas Backstrom.
7:41 of 2nd period - Stopped by Ben Bishop without a rebound.
7:42 of 2nd period - Jason Spezza wins face-off versus Jaden Schwartz in Wild zone.
8:00 of 2nd period - Off-side.
8:01 of 2nd period - Vincent Trocheck wins face-off versus Markus Granlund in neutral zone.
8:14 of 2nd period - Off-side.
8:15 of 2nd period - Markus Granlund wins face-off versus Jaden Schwartz in neutral zone.
8:36 of 2nd period - Shot by Joe Colborne.
8:36 of 2nd period - Stopped by Ben Bishop without a rebound.
8:37 of 2nd period - Vincent Trocheck wins face-off versus Markus Granlund in Wild zone.
8:38 of 2nd period - Shot by T.J. Oshie.
8:38 of 2nd period - Stopped by Ben Bishop without a rebound.
8:39 of 2nd period - Vincent Trocheck wins face-off versus Markus Granlund in Wild zone.
8:49 of 2nd period - Shot by Jordie Benn.
8:49 of 2nd period - Goal by Jordie Benn - Predators : 1 - Wild : 0.
8:50 of 2nd period - Vladislav Namestnikov wins face-off versus Marian Gaborik in neutral zone.
9:27 of 2nd period - Eric Staal is hit by Roman Josi and loses puck.
10:21 of 2nd period - Eric Staal is hit by Steven Stamkos and loses puck.
10:25 of 2nd period - Marian Gaborik is hit by T.J. Oshie and loses puck.
11:00 of 2nd period - Shot by Jason Spezza.
11:00 of 2nd period - Shot Blocked by Klas Dahlbeck.
11:14 of 2nd period - Shot by Joe Colborne.
11:14 of 2nd period - Deflect By Vincent Trocheck.
11:14 of 2nd period - Shot Misses the Net.
11:16 of 2nd period - Shot by Vincent Trocheck.
11:16 of 2nd period - Shot Blocked by Carl Gunnarsson.
11:18 of 2nd period - Shot by Vincent Trocheck.
11:18 of 2nd period - Stopped by Ben Bishop without a rebound.
11:19 of 2nd period - Vladislav Namestnikov wins face-off versus Sven Baertschi in Wild zone.
11:56 of 2nd period - Shot by Sven Baertschi.
11:56 of 2nd period - Stopped by Keith Kinkaid without a rebound.
11:57 of 2nd period - Riley Nash wins face-off versus Steven Stamkos in Predators zone.
12:00 of 2nd period - Shot by Colin McDonald.
12:00 of 2nd period - Stopped by Keith Kinkaid with a rebound.
12:15 of 2nd period - Icing by T.J. Oshie.
12:16 of 2nd period - Jason Spezza wins face-off versus Nicklas Backstrom in Predators zone.
12:24 of 2nd period - Icing by Jordie Benn.
12:25 of 2nd period - Nicklas Backstrom wins face-off versus Jason Spezza in Predators zone.
12:45 of 2nd period - Shot by Nicklas Backstrom.
12:45 of 2nd period - Stopped by Ben Bishop with a rebound.
12:47 of 2nd period - Shot by Jordie Benn.
12:47 of 2nd period - Deflect By Nicklas Backstrom.
12:47 of 2nd period - Shot Misses the Net.
12:49 of 2nd period - Shot by Nicklas Backstrom.
12:49 of 2nd period - Stopped by Ben Bishop without a rebound.
12:50 of 2nd period - Vladislav Namestnikov wins face-off versus Eric Staal in Wild zone.
13:14 of 2nd period - Shot by Jason Pominville.
13:14 of 2nd period - Stopped by Keith Kinkaid with a rebound.
13:22 of 2nd period - Shot by Derick Brassard.
13:22 of 2nd period - Stopped by Ben Bishop without a rebound.
13:23 of 2nd period - Jason Spezza wins face-off versus Nicklas Backstrom in Wild zone.
14:00 of 2nd period - Shot by Tanner Pearson.
14:00 of 2nd period - Shot Blocked by Klas Dahlbeck.
14:06 of 2nd period - Alexander Edler is hit by T.J. Oshie and loses puck.
14:22 of 2nd period - Off-side.
14:23 of 2nd period - Vladislav Namestnikov wins face-off versus Jason Pominville in neutral zone.
14:31 of 2nd period - Zbynek Michalek is hit by Marian Gaborik and loses puck.
14:35 of 2nd period - Icing by Roman Josi.
14:36 of 2nd period - Markus Granlund wins face-off versus Vladislav Namestnikov in Predators zone.
14:38 of 2nd period - Minor Penalty to Zbynek Michalek for Interference.
14:39 of 2nd period - Joe Colborne wins face-off versus Marian Gaborik in Predators zone.
15:00 of 2nd period - Shot by Jeff Petry.
15:00 of 2nd period - Shot Misses the Net.
15:02 of 2nd period - Shot by Jeff Petry.
15:02 of 2nd period - Stopped by Keith Kinkaid without a rebound.
15:03 of 2nd period - Joe Colborne wins face-off versus Jason Spezza in Predators zone.
15:52 of 2nd period - Icing by Alexander Edler.
15:53 of 2nd period - Steven Stamkos wins face-off versus Kyle Okposo in Wild zone.
15:56 of 2nd period - Shot by Vincent Trocheck.
15:56 of 2nd period - Stopped by Ben Bishop without a rebound.
15:57 of 2nd period - Steven Stamkos wins face-off versus Eric Staal in Wild zone.
16:22 of 2nd period - Shot by Jason Pominville.
16:22 of 2nd period - Shot Misses the Net.
16:36 of 2nd period - Shot by Eric Staal.
16:36 of 2nd period - Shot Blocked by Jordie Benn.
16:38 of 2nd period - Shot by Eric Staal.
16:38 of 2nd period - Shot Blocked by Zbynek Michalek.
16:44 of 2nd period - Shot by Markus Granlund.
16:44 of 2nd period - Stopped by Keith Kinkaid with a rebound.
16:46 of 2nd period - Shot by Sven Baertschi.
16:46 of 2nd period - Shot Misses the Net.
16:54 of 2nd period - Shot by Mason Raymond.
16:54 of 2nd period - Shot Misses the Net.
17:13 of 2nd period - Markus Granlund is hit by Roman Josi and loses puck.
17:17 of 2nd period - Minor Penalty to Zbynek Michalek for Interference.
17:18 of 2nd period - Jason Spezza wins face-off versus Joe Colborne in Predators zone.
17:21 of 2nd period - Shot by Jeff Petry.
17:21 of 2nd period - Stopped by Keith Kinkaid without a rebound.
17:22 of 2nd period - Joe Colborne wins face-off versus Jason Spezza in Predators zone.
17:40 of 2nd period - Tanner Pearson is hit by Steven Stamkos.
19:14 of 2nd period - Shot by Jason Spezza.
19:14 of 2nd period - Goal by Jason Spezza - Predators : 1 - Wild : 1.
19:15 of 2nd period - Sven Baertschi wins face-off versus Vladislav Namestnikov in neutral zone.
19:36 of 2nd period - Carl Gunnarsson is hit by Vladislav Namestnikov and loses puck.
Goals for this period are 1 for Predators vs 1 for Wild.
Shots for this period are 12 for Predators vs 10 for Wild.

3rd period


0:01 of 3rd period - Eric Staal wins face-off versus Nicklas Backstrom in neutral zone.
0:09 of 3rd period - Eric Staal is hit by Jordie Benn and loses puck.
0:15 of 3rd period - Icing by Steven Stamkos.
0:16 of 3rd period - Steven Stamkos wins face-off versus Jason Spezza in Predators zone.
0:33 of 3rd period - Shot by T.J. Oshie.
0:33 of 3rd period - Shot Misses the Net.
0:41 of 3rd period - Shot by T.J. Oshie.
0:41 of 3rd period - Stopped by Ben Bishop without a rebound.
0:42 of 3rd period - Eric Staal wins face-off versus Vincent Trocheck in Wild zone.
1:01 of 3rd period - Minor Penalty to Joe Colborne for Holding Stick.
1:02 of 3rd period - Jason Spezza wins face-off versus J.T. Miller in Predators zone.
1:25 of 3rd period - Shot by Taylor Fedun.
1:25 of 3rd period - Deflect By Jason Spezza.
1:25 of 3rd period - Shot Misses the Net.
1:27 of 3rd period - Shot by Tanner Pearson.
1:27 of 3rd period - Shot Blocked by Jordie Benn.
1:41 of 3rd period - Shot by Kyle Okposo.
1:41 of 3rd period - Shot Misses the Net.
1:43 of 3rd period - Shot by Taylor Fedun.
1:43 of 3rd period - Shot Misses the Net.
2:17 of 3rd period - Shot by Jason Pominville.
2:17 of 3rd period - Stopped by Keith Kinkaid without a rebound.
2:18 of 3rd period - Eric Staal wins face-off versus J.T. Miller in Predators zone.
2:40 of 3rd period - Icing by Eric Staal.
2:41 of 3rd period - Eric Staal wins face-off versus J.T. Miller in Wild zone.
3:10 of 3rd period - Shot by T.J. Oshie.
3:10 of 3rd period - Stopped by Ben Bishop without a rebound.
3:11 of 3rd period - Nicklas Backstrom wins face-off versus Jason Spezza in Wild zone.
3:11 of 3rd period - Minor Penalty to Alex Biega for High sticking.
3:12 of 3rd period - Vincent Trocheck wins face-off versus Markus Granlund in Wild zone.
3:13 of 3rd period - Shot by Nicklas Backstrom.
3:13 of 3rd period - Deflect By Vincent Trocheck.
3:13 of 3rd period - Shot Misses the Net.
3:25 of 3rd period - Shot by T.J. Oshie.
3:25 of 3rd period - Stopped by Ben Bishop without a rebound.
3:26 of 3rd period - Markus Granlund wins face-off versus Vincent Trocheck in Wild zone.
3:37 of 3rd period - Shot by T.J. Oshie.
3:37 of 3rd period - Stopped by Ben Bishop without a rebound.
3:38 of 3rd period - Markus Granlund wins face-off versus Jaden Schwartz in Wild zone.
3:38 of 3rd period - Markus Granlund is hit by Joe Colborne.
5:31 of 3rd period - Minor Penalty to Colin McDonald for Hooking.
5:32 of 3rd period - Jason Spezza wins face-off versus Jaden Schwartz in Wild zone.
5:32 of 3rd period - Jason Spezza is hit by Steven Stamkos.
5:41 of 3rd period - Steven Stamkos is hit by Jason Spezza and loses puck.
6:34 of 3rd period - Shot by Nicklas Backstrom.
6:34 of 3rd period - Stopped by Ben Bishop without a rebound.
6:35 of 3rd period - Jaden Schwartz wins face-off versus Markus Granlund in Wild zone.
6:52 of 3rd period - Shot by Jaden Schwartz.
6:52 of 3rd period - Goal by Jaden Schwartz - Predators : 2 - Wild : 1.
6:53 of 3rd period - Jason Spezza wins face-off versus Vladislav Namestnikov in neutral zone.
7:21 of 3rd period - Shot by Vladislav Namestnikov.
7:21 of 3rd period - Shot Blocked by Mark Streit.
7:31 of 3rd period - Shot by Kyle Okposo.
7:31 of 3rd period - Deflect By Jason Spezza.
7:31 of 3rd period - Shot Misses the Net.
7:33 of 3rd period - Shot by Jeff Petry.
7:33 of 3rd period - Shot Misses the Net.
7:59 of 3rd period - Shot by Zbynek Michalek.
7:59 of 3rd period - Stopped by Ben Bishop with a rebound.
8:11 of 3rd period - Shot by Nicklas Backstrom.
8:11 of 3rd period - Shot Blocked by Carl Gunnarsson.
8:31 of 3rd period - Shot by Nicklas Backstrom.
8:31 of 3rd period - Shot Misses the Net.
9:08 of 3rd period - Shot by Vincent Trocheck.
9:08 of 3rd period - Shot Misses the Net.
9:33 of 3rd period - Shot by Kyle Okposo.
9:33 of 3rd period - Shot Misses the Net.
9:35 of 3rd period - Shot by Jeff Petry.
9:35 of 3rd period - Shot Misses the Net.
9:37 of 3rd period - Shot by Mark Streit.
9:37 of 3rd period - Stopped by Keith Kinkaid without a rebound.
9:38 of 3rd period - Vladislav Namestnikov wins face-off versus Markus Granlund in Predators zone.
9:44 of 3rd period - Shot by Taylor Fedun.
9:44 of 3rd period - Shot Misses the Net.
9:50 of 3rd period - Shot by Sven Baertschi.
9:50 of 3rd period - Stopped by Keith Kinkaid without a rebound.
9:51 of 3rd period - Jason Spezza wins face-off versus Nicklas Backstrom in Predators zone.
9:51 of 3rd period - Kyle Okposo is hit by John Moore.
10:25 of 3rd period - Shot by Nicklas Backstrom.
10:25 of 3rd period - Shot Blocked by Jeff Petry.
10:27 of 3rd period - Shot by T.J. Oshie.
10:27 of 3rd period - Stopped by Ben Bishop without a rebound.
10:28 of 3rd period - Mason Raymond wins face-off versus Vladislav Namestnikov in Wild zone.
10:28 of 3rd period - Mason Raymond is hit by Derick Brassard.
10:44 of 3rd period - Shot by Derick Brassard.
10:44 of 3rd period - Shot Blocked by Taylor Fedun.
11:12 of 3rd period - Shot by Derick Brassard.
11:12 of 3rd period - Stopped by Ben Bishop with a rebound.
11:24 of 3rd period - Shot by Joe Colborne.
11:24 of 3rd period - Shot Hit the Post.
11:26 of 3rd period - Shot by Vincent Trocheck.
11:26 of 3rd period - Deflect By Jaden Schwartz.
11:26 of 3rd period - Stopped by Ben Bishop without a rebound.
11:27 of 3rd period - Jason Spezza wins face-off versus Nicklas Backstrom in Wild zone.
11:54 of 3rd period - Shot by Steven Stamkos.
11:54 of 3rd period - Stopped by Ben Bishop without a rebound.
11:55 of 3rd period - Vincent Trocheck wins face-off versus Eric Staal in Wild zone.
11:56 of 3rd period - Shot by Jaden Schwartz.
11:56 of 3rd period - Stopped by Ben Bishop with a rebound.
13:28 of 3rd period - Shot by T.J. Oshie.
13:28 of 3rd period - Shot Misses the Net.
13:45 of 3rd period - Shot by T.J. Oshie.
13:45 of 3rd period - Shot Misses the Net.
13:52 of 3rd period - Nicklas Backstrom is hit by Mark Streit and loses puck.
14:50 of 3rd period - Markus Granlund is hit by J.T. Miller and loses puck.
14:57 of 3rd period - Mason Raymond is hit by Phillip Di Giuseppe and loses puck.
15:35 of 3rd period - Shot by Steven Stamkos.
15:35 of 3rd period - Deflect By T.J. Oshie.
15:35 of 3rd period - Stopped by Ben Bishop without a rebound.
15:36 of 3rd period - Vincent Trocheck wins face-off versus Riley Nash in Wild zone.
15:51 of 3rd period - Shot by Jaden Schwartz.
15:51 of 3rd period - Shot Blocked by Carl Gunnarsson.
16:22 of 3rd period - Icing by Carl Gunnarsson.
16:23 of 3rd period - Steven Stamkos wins face-off versus Riley Nash in Wild zone.
16:25 of 3rd period - Nicklas Backstrom is hit by Alexander Edler and loses puck.
16:31 of 3rd period - Minor Penalty to Alexander Edler for Hooking.
16:32 of 3rd period - Vincent Trocheck wins face-off versus Markus Granlund in Wild zone.
16:33 of 3rd period - Shot by Nicklas Backstrom.
16:33 of 3rd period - Shot Misses the Net.
16:35 of 3rd period - Shot by T.J. Oshie.
16:35 of 3rd period - Stopped by Ben Bishop without a rebound.
16:36 of 3rd period - Markus Granlund wins face-off versus Vincent Trocheck in Wild zone.
16:51 of 3rd period - Shot by Nicklas Backstrom.
16:51 of 3rd period - Stopped by Ben Bishop without a rebound.
16:52 of 3rd period - Jaden Schwartz wins face-off versus Markus Granlund in Wild zone.
16:52 of 3rd period - Jaden Schwartz is hit by Jeff Petry.
16:56 of 3rd period - Shot by Steven Stamkos.
16:56 of 3rd period - Deflect By Jaden Schwartz.
16:56 of 3rd period - Stopped by Ben Bishop without a rebound.
16:57 of 3rd period - Markus Granlund wins face-off versus Jaden Schwartz in Wild zone.
17:36 of 3rd period - Shot by Jaden Schwartz.
17:36 of 3rd period - Deflect By Steven Stamkos.
17:36 of 3rd period - Shot Blocked by Jason Pominville.
17:38 of 3rd period - Shot by Zach Bogosian.
17:38 of 3rd period - Stopped by Ben Bishop without a rebound.
17:39 of 3rd period - Markus Granlund wins face-off versus Vincent Trocheck in Wild zone.
18:22 of 3rd period - Shot by Nicklas Backstrom.
18:22 of 3rd period - Shot Misses the Net.
18:38 of 3rd period - Shot by Eric Staal.
18:38 of 3rd period - Shot Misses the Net.
18:54 of 3rd period - Shot by Eric Staal.
18:54 of 3rd period - Stopped by Keith Kinkaid without a rebound.
18:55 of 3rd period - Joe Colborne wins face-off versus Jason Spezza in Predators zone.
19:04 of 3rd period - Shot by Joe Colborne.
19:04 of 3rd period - Shot Blocked by Tanner Pearson.
19:12 of 3rd period - Shot by Phillip Di Giuseppe.
19:12 of 3rd period - Shot Misses the Net.
19:26 of 3rd period - Shot by Joe Colborne.
19:26 of 3rd period - Shot Blocked by Alex Biega.
19:28 of 3rd period - Shot by Phillip Di Giuseppe.
19:28 of 3rd period - Shot Misses the Net.
19:36 of 3rd period - Joe Colborne is hit by Tanner Pearson and loses puck.
Goals for this period are 1 for Predators vs 0 for Wild.
Shots for this period are 17 for Predators vs 4 for Wild.